 Dungeon Crawl Stone Soup version 0.21-a0-578-gc6e9d75 (webtiles) character file.

2 Lanoc the Skirmisher (level 1, -1/18 HPs)
             Began as a Formicid Abyssal Knight on Dec 18, 2017.
             Was an Initiate of Lugonu.
             Slain by a leopard gecko (4 damage)
             ... on level 1 of the Dungeon.
             The game lasted 00:00:54 (189 turns).

Lanoc the Skirmisher (Formicid Abyssal Knight)       Turns: 189, Time: 00:00:54

Health: -1/18      AC:  3    Str: 16    XL:     1   Next: 44%
Magic:  2/2        EV: 11    Int: 11    God:    Lugonu [......]
Gold:   40         SH:  0    Dex:  6    Spells: 0/0 levels left

rFire    . . .     SeeInvis +   a - +1 hand axe
rCold    . . .     Gourm    .   (no shield)
rNeg     . . .     Faith    .   b - +0 leather armour
rPois    .         Spirit   .   (helmet unavailable)
rElec    .         Reflect  .   (no cloak)
rCorr    .         Harm     .   (no gloves)
MR       .....                  (no boots)
Stlth    +.........             (no amulet)
HPRegen  0.06/turn              (no ring)
MPRegen  0.08/turn              (no ring)

@: no status effects
A: permanent stasis, dig shafts and tunnels, four strong arms, antennae 3,
[clumsy 2], [MP-powered wands]
a: Dig, Shaft Self, Renounce Religion


You were on level 1 of the Dungeon.
You worshipped Lugonu.
Lugonu was noncommittal.
You were not hungry.

You visited 1 branch of the dungeon, and saw 1 of its levels.
You visited the Abyss 1 time.

You collected 40 gold pieces.

Inventory:

Hand Weapons
 a - a +1 hand axe (weapon)
Armour
 b - a +0 leather armour (worn)
Scrolls
 e - a scroll of identify {unknown}
Comestibles
 c - 3 rations
 d - 4 chunks of flesh


   Skills:
 + Level 3.3 Fighting
 + Level 2.0 Axes
 + Level 2.2 Armour
 + Level 1.0 Dodging
 + Level 2.2 Invocations


You couldn't memorise any spells.
You didn't know any spells.

Dungeon Overview and Level Annotations

Branches:
Dungeon (1/15)

Altars:


Innate Abilities, Weirdness & Mutations

You cannot be hasted, slowed, berserked, paralysed or teleported.
You can dig through walls and to a lower floor.
Your four strong arms can wield two-handed weapons with a shield.
You have a pair of large antennae on your head. (SInv)
[You are very clumsy. (Dex -4)]
[You expend magic power (3 MP) to strengthen your wands.]


Message History

You closely miss the kobold. You hit the goblin. You hit the leopard gecko.
The leopard gecko bites you. The goblin hits you with a club.
The kobold closely misses you.
The leopard gecko bites you but does no damage.
The leopard gecko bites you but does no damage.
You miss the leopard gecko.
The leopard gecko is moderately wounded.
The leopard gecko barely misses you.
You hit the leopard gecko.
The leopard gecko is heavily wounded.
The leopard gecko barely misses you. The leopard gecko bites you.
* * * LOW HITPOINT WARNING * * *
You miss the leopard gecko.
The leopard gecko is heavily wounded.
The leopard gecko bites you.
* * * LOW HITPOINT WARNING * * *
You closely miss the leopard gecko.
The leopard gecko is heavily wounded.
The leopard gecko bites you.
You die...

##.#.#.#
.......#
.......###
######
.........#
#.....#
.>....##.#####
##.......
......##.....#
#........
############.#
#........
#.#####l.......
#....@llg......
#######Kb......
##....[..
#.....# ######


You could see 2 leopard geckos, a goblin, a bat, a kobold and a frilled lizard.

Vanquished Creatures
  2 hobgoblins (D:1)
2 creatures vanquished.

Notes
Turn   | Place    | Note
-------+----------+-------------------------------------------
     0 | Abyss:1  | Lanoc the Formicid Abyssal Knight began the quest for the Orb.
     0 | Abyss:1  | Reached XP level 1. HP: 18/18 MP: 2/2
    27 | Abyss:1  | Found a sparkling altar of Nemelex Xobeh.
    44 | Abyss:1  | Noticed a small abomination
    44 | Abyss:1  | Noticed an apocalypse crab
    49 | Abyss:1  | Noticed a starcursed mass
    50 | Abyss:1  | Noticed a wretched star
    51 | Abyss:1  | Noticed a small abomination
    75 | D:1      | Escaped the Abyss
   153 | D:1      | Reached skill level 1 in Dodging
   189 | D:1      | Slain by a leopard gecko

Vault maps used:
D:1:      saegor_arrival_simple_d, palyth_stone_intersect

Skill      XL: |  1 |
---------------+----+-----
Dodging        | 1 |  1.0
Fighting       | |  3.3
Axes           | |  2.0
Armour         | |  2.2
Invocations    | |  2.2

Action                   || total
-------------------------++-------
Melee: Hand axe          ||     9
Invok: Depart the Abyss  ||     1
Armor: Leather armour    ||     6
Dodge: Dodged            ||     9

Table legend:
 A = Spawn XP
 B = Non-spawn XP
 C = Spawn XP percentage of total XP
 D = Spawn monster count
 E = Non-spawn monster count
 F = Spawn count percentage of total count
 G = Total turns spent on level
                    A         B        C        D         E        F      G
               +---------+---------+-------+---------+---------+-------+---------
         Total |       0 |       4 |   0.0 |       0 |       2 |   0.0 |   189
               +---------+---------+-------+---------+---------+-------+---------
           D:1 |       0 |       4 |   0.0 |       0 |       2 |   0.0 |   114
               +---------+---------+-------+---------+---------+-------+---------
